[Event "*** Titled Tuesday Blitz"]
[Site "Chess.com"]
[Date "2021.04.20"]
[Round "6"]
[White "Grandelicious"]
[Black "SirStrateg"]
[Result "1-0"]
[WhiteElo "2829"]
[BlackElo "2623"]
[TimeControl "180+1"]
[EndTime "11:06:09 PDT"]
[Termination "Grandelicious won by resignation"]

1. d4 d6 2. g3 e5 3. dxe5 dxe5 4. Qxd8+ Kxd8 5. Nc3 c6 6. f4 Bd6 7. Nf3 exf4 8. Ne4 Bc7 9. Bxf4 Bxf4 10. gxf4 Ke7 11. O-O-O Nf6 12. Nd6 Na6 13. Ne5 Nd5 14. Nxc8+ Raxc8 15. Rd4 f6 16. Nd3 Rhd8 17. Rg1 Kf8 18. Bh3 Rb8 19. e4 Ne7 20. Ra4 Ng6 21. Bf5 Kf7 22. e5 Nh4 23. Bxh7 Rh8 24. Be4 f5 25. Bh1 Ng6 26.
Bxc6 bxc6 27. Rxa6 Rxh2 28. Rxa7+ Ne7 29. Nc5 Rd8 30. e6+ Kf6 31. Re1 Rdd2 32. Nd7+ Kg6 33. Ne5+ Kf6 34. Nd3 Rxc2+ 35. Kb1 Rcd2 36. Rd7 Nd5 37.
e7 Nxe7 38. Rd6+ Kf7 39. Ne5+ Ke8 40. Rxd2 Rxd2 41. Nxc6 Rd7 42. a4 Kf7 43. Nxe7 Rxe7 44. Rxe7+ Kxe7 45. Kc2 1-0

[Event "*** Titled Tuesday Blitz"]
[Site "Chess.com"]
[Date "2021.04.20"]
[Round "6"]
[White "MatyChess1"]
[Black "zmeeed67"]
[Result "0-1"]
[WhiteElo "2639"]
[BlackElo "2513"]
[TimeControl "180+1"]
[EndTime "11:06:09 PDT"]
[Termination "zmeeed67 won on time"]

1. e4 c5 2. Nf3 e6 3. g3 Nc6 4. Bg2 Nf6 5. Qe2 d5 6. exd5 Nxd5 7. O-O Be7 8. Rd1 Qb6 9. Na3 O-O 10. Nc4 Qc7 11. d3 Bf6 12. a4 b6 13. c3 Bb7 14.
Ng5 Rad8 15. Qh5 h6 16. Ne4 Be7 17. Re1 Nf6 18. Nxf6+ Bxf6 19. Bf4 e5 20. Be3 Ne7 21. Be4 Bd5 22. Qf3 Qd7 23. Bxh6 Be6 24. Bd2 Bg4 25.
Qe3 Nd5 26. Bxd5 Qxd5 27. Nxe5 Bh3 28. Nf3 Bg5 29. Qe4 Bxd2 30. Qxd5 Rxd5 31. Nxd2 Rxd3 32. Nc4 Rfd8 33. Ne3 Rd2 34. Rad1 Be6 35. Rxd2 Rxd2 36. Rb1 Ba2 37. Rd1 Rxb2 38. Rd8+ Kh7 39. Rd7 Rb3 40. c4 Rb1+ 41. Kg2 Rb4 42. Rxa7 Bxc4 0-1

[Event "*** Titled Tuesday Blitz"]
[Site "Chess.com"]
[Date "2021.04.20"]
[Round "6"]
[White "ErikBlomqvist"]
[Black "bricolageur"]
[Result "1-0"]
[WhiteElo "2584"]
[BlackElo "2342"]
[TimeControl "180+1"]
[EndTime "11:06:10 PDT"]
[Termination "ErikBlomqvist won by resignation"]

1. e4 e5 2. Bc4 Nf6 3. d3 c6 4.
Nf3 d6 5. O-O g6 6. d4 Nxe4 7.
dxe5 d5 8. Be2 Bg7 9. c4 O-O 10.
Nbd2 Bf5 11. Re1 Qb6 12. Nxe4 dxe4 13. Be3 exf3 14. Bxb6 fxe2 15. Qxe2 axb6 16. g4 Be6 17. f4 c5 18. Qe4 Nc6 19. f5 Bc8 20. Qf4 Nd4 21.
f6 g5 22. Qe4 Bh8 23. Re3 Re8 24. Rh3 Bf5 25. gxf5 Bxf6 26. e6 Kg7 27. Qxb7 Rf8 28.
Re1 Rxa2 29. e7 Re8 30. Qd7 Raa8 31. Qd5 Rxe7 32. Rxe7 Ra1+ 33. Kg2 Bxe7 34. Rxh7+ Kxh7 35. Qxf7+ Kh8 36. Qxe7 Nxf5 37. Qf6+ Kh7 38. Qxf5+ Kh6 39.
Qf6+ Kh5 40. Qf7+ Kh6 41. Qf6+ Kh5 42. Qxb6 Rd1 43. Qb3 Rd2+ 44. Kg1 Rd4 45. Qf3+ Rg4+ 46.
Kf2 Kh4 47. b3 Rf4 48. Qxf4+ gxf4 49. Kf3 Kh3 50. Kxf4 Kxh2 51. Ke5 Kg3 52. Kd5 Kf3 53. Kxc5 Ke3 54. b4 Kd3 55. b5 1-0

[Event "*** Titled Tuesday Blitz"]
[Site "Chess.com"]
[Date "2021.04.20"]
[Round "6"]
[White "AungTZ"]
[Black "viktorgen2021"]
[Result "1/2-1/2"]
[WhiteElo "2155"]
[BlackElo "2365"]
[TimeControl "180+1"]
[EndTime "11:06:10 PDT"]
[Termination "Game drawn - insufficient material"]

1. e4 c6 2. d4 d5 3. Nc3 dxe4 4.
Nxe4 Nf6 5. Nxf6+ exf6 6. Nf3 Bd6 7. Be2 O-O 8. O-O Re8 9. Be3 Nd7 10. h3 Nf8 11. c4 Qc7 12. Qc2 c5 13. Rad1 Ng6 14. Rfe1 b6 15. d5 f5 16. Bf1 Bd7 17. Bd2 f4 18.
Bc3 a6 19. b3 b5 20. Qd2 bxc4 21. bxc4 a5 22. Rxe8+ Bxe8 23. Re1 Bd7 24. Qb2 f6 25. Rb1 Rb8 26. Qxb8+ Qxb8 27. Rxb8+ Bxb8 28. Bxa5 Ne7 29. Nd2 f5 30. Nb3 Bd6 31. Bb6 Nc8 32. Bxc5 Kf7 33. Bxd6 Nxd6 34. c5 Ne4 35. c6 Bc8 36. f3 Nd6 37. Kf2 Kf6 38. Ke1 Ke5 39. Nc5 Kxd5 40. Nb7 Ne8 41. Na5 Kc5 42. Kd2 Kb6 43.
Nc4+ Kxc6 44. Ne5+ Kd5 45. Nd3 g5 46. h4 h6 47. hxg5 hxg5 48. Nf2 Nd6 49. Bd3 Kd4 50. Nd1 Bb7 51. Nc3 Nc4+ 52. Bxc4 Kxc4 53. a4 g4 54. Ne2 gxf3 55. gxf3 Bxf3 56. Nxf4 Kb4 57. Ke3 Be4 58. Ne6 Kxa4 59. Kf4 Kb5 60. Ng7 Kc6 61.
Nxf5 1/2-1/2

[Event "*** Titled Tuesday Blitz"]
[Site "Chess.com"]
[Date "2021.04.20"]
[Round "6"]
[White "blitzking1729"]
[Black "AryanTari"]
[Result "0-1"]
[WhiteElo "2643"]
[BlackElo "2886"]
[TimeControl "180+1"]
[EndTime "11:06:11 PDT"]
[Termination "AryanTari won by resignation"]

1. d4 Nf6 2. c4 b6 3. Nf3 Bb7 4. g3 e5 5. d5 e4 6. Nd4 c6 7.
dxc6 Nxc6 8. Nb5 Bb4+ 9. N1c3 O-O 10. Bg2 Ne5 11. Qb3 a5 12. Bf4 Re8 13. a3 Bc5 14. O-O h6 15. Rad1 Rc8 16. Na4 Nxc4 17. Nxc5 Rxc5 18. Nd6 Nxd6 19. Rxd6 b5 20. Rfd1 Bc6 21. Be3 a4 22. Qb4 Rc4 23. Qd2 Qe7 24. Bh3 Qe5 25. Bxh6 gxh6 26. Qxh6 Nh7 27. Bxd7 Bxd7 28. Rxd7 Qg7 29.
Qh4 Nf8 30. Rd8 Rc8 31. Rxc8 Rxc8 32. Qxe4 Ne6 33. Rd2 Qg5 34. e3 Qf6 35. h4 Rc4 36. Qd5 Kg7 37. Kg2 Rc5 38. Qe4 Re5 39. Qf3 Qe7 40.
Qg4+ Kh8 41. Qf3 Nc5 42. Qa8+ Kg7 43. Rd4 Qb7+ 44. Qxb7 Nxb7 45. f4 Rxe3 46. Rd7 Na5 47.
Rd5 Rb3 48. h5 Rxb2+ 49. Kh3 Nc4 50. Kg4 Ne3+ 0-1

[Event "*** Titled Tuesday Blitz"]
[Site "Chess.com"]
[Date "2021.04.20"]
[Round "6"]
[White "NovikovaGalina"]
[Black "MFBerna"]
[Result "0-1"]
[WhiteElo "2307"]
[BlackElo "2503"]
[TimeControl "180+1"]
[EndTime "11:06:12 PDT"]
[Termination "MFBerna won by checkmate"]

1. e4 c5 2. Nf3 Nc6 3. d4 cxd4 4. Nxd4 e6 5. Be2 a6 6. c4 Nf6 7. Nc3 Bb4 8. Bf3 O-O 9. Bg5 h6 10. Bh4 Ne5 11. Be2 Ng6 12. Bxf6 Qxf6 13. O-O Nf4 14. Bf3 d6 15. Nce2 Bc5 16. Nb3 Nh3+ 17. gxh3 Qxf3 18. Nxc5 dxc5 19. Ng3 Qxd1 20. Raxd1 e5 21. Kg2 Be6 22. b3 Rfd8 23. f3 Kf8 24. h4 Ke7 25. Kf2 b5 26. Nf5+ Kf6 27. Nd6 Rd7 28. cxb5 axb5 29. Rd2 Ke7 30.
Rfd1 Rad8 31. Nf5+ Bxf5 32. Rxd7+ Rxd7 33. Rc1 Be6 34. Rxc5 Rd2+ 35. Kg3 Rxa2 36. Rxb5 Rb2 37. b4 Kf6 38. Rb7 g6 39. b5 Bc4 40. b6 Bf1 41.
Rb8 Rg2+ 42. Kh3 Rg1# 0-1

[Event "*** Titled Tuesday Blitz"]
[Site "Chess.com"]
[Date "2021.04.20"]
[Round "6"]
[White "Raud100"]
[Black "LifeIsAllAboutChess23"]
[Result "1-0"]
[WhiteElo "2383"]
[BlackElo "2152"]
[TimeControl "180+1"]
[EndTime "11:06:14 PDT"]
[Termination "Raud100 won by resignation"]

1. d4 Nf6 2. c4 e5 3. dxe5 Ng4 4. Bf4 Nc6 5. Nf3 Bb4+ 6. Nc3 Qe7 7. Qd5 f6 8. exf6 Nxf6 9. Qd3 d6 10. e3 O-O 11.
O-O-O Bg4 12. Be2 Bh5 13. Nd5 Nxd5 14. Qxd5+ Bf7 15. Qb5 Rfb8 16. Bd3 a6 17. Qf5 g6 18. Qg5 Qxg5 19. Nxg5 Ne5 20. Nxf7 Nxd3+ 21. Rxd3 Kxf7 22. Rhd1 a5 23. e4 Re8 24. f3 Ra6 25. Be3 Rc6 26.
b3 a4 27. Kb2 axb3 28. axb3 Ra8 29. Ra1 Rxa1 30. Kxa1 Ra6+ 31. Kb2 Ba3+ 32. Kc3 Ke6 33. Rd1 Ra8 34. b4 c5 35. bxc5 dxc5 36. Kb3 Bb4 37. Bc1 Ra1 38. Kc2 Ra2+ 39. Bb2 Ba3 40. Rb1 g5 41.
Kb3 Rxb2+ 42. Rxb2 Bxb2 43. Kxb2 Ke5 44. Kc3 h5 45.
Kd3 h4 46. Ke3 Ke6 47. g3 hxg3 48. hxg3 Kd6 49. f4 g4 50. Kd3 Kc6 51. e5 b5 52.
cxb5+ Kxb5 53. e6 Kc6 54. Kc4 Kd6 55. f5 Kc6 56. e7 Kd6 57. f6 Kd7 58. Kxc5 Ke8 59.
Kd6 Kf7 60. Kd7 Kxf6 61. e8=Q Kf5 62. Qf7+ Kg5 63. Qf4+ Kh5 64. Qf5+ Kh6 65. Qxg4 Kh7 66. Ke7 1-0

[Event "*** Titled Tuesday Blitz"]
[Site "Chess.com"]
[Date "2021.04.20"]
[Round "6"]
[White "TeukkaSalama"]
[Black "InvisibleWarrior2252"]
[Result "0-1"]
[WhiteElo "2378"]
[BlackElo "2515"]
[TimeControl "180+1"]
[EndTime "11:06:15 PDT"]
[Termination "InvisibleWarrior2252 won on time"]

1. d4 Nf6 2. Bf4 e6 3. e3 d5 4. Nf3 c5 5. c3 Nc6 6. Nbd2 cxd4 7. exd4 Nh5 8. Be3 Bd6 9. Ne5 g6 10. Nd3 O-O 11. g3 Ng7 12. Bg2 f6 13. O-O Nf5 14. Bf4 Re8 15. Re1 b6 16. a4 Ba6 17.
Bxd6 Qxd6 18. Nf4 Rad8 19. Qb3 Na5 20. Qa2 Kg7 21. b3 Rc8 22. Qb2 Bb7 23. Rac1 e5 24.
dxe5 fxe5 25. Nd3 Kg8 26. Nb4 d4 27. Bxb7 Nxb7 28. Ne4 Qe6 29. c4 Nc5 30. Nd5 Nd3 31. Qd2 Nxc1 32. Nef6+ Kg7 33. Nxe8+ Rxe8 34. Rxc1 e4 35. Qf4 e3 36. fxe3 dxe3 37. Re1 e2 38. Qf3 Nd4 39. Qc3 Qe4 40. Nf4 Kg8 41. Kf2 g5 42. Nd5 Rf8+ 43. Kg1 Nf3+ 44. Kf2 Nd2+ 45. Kg1 Rf1+ 0-1

[Event "*** Titled Tuesday Blitz"]
[Site "Chess.com"]
[Date "2021.04.20"]
[Round "6"]
[White "Ghost_Pepper"]
[Black "Komiagina_Maria"]
[Result "1/2-1/2"]
[WhiteElo "2368"]
[BlackElo "2239"]
[TimeControl "180+1"]
[EndTime "11:06:15 PDT"]
[Termination "Game drawn by stalemate"]

1. e4 c5 2. Nf3 Nc6 3. g3 g6 4. d4 cxd4 5. Nxd4 Bg7 6. Be3 Nf6 7.
Bg2 O-O 8. O-O Ng4 9. Qxg4 Nxd4 10. Qd1 Nc6 11. Nc3 d6 12. Kh1 h5 13. f4 Bg4 14.
Qd3 Nb4 15. Qd2 Rc8 16. a3 Nc6 17. Nd5 e6 18. Nb4 h4 19. Nxc6 bxc6 20. Kg1 hxg3 21. hxg3 Bxb2 22. Rab1 Bg7 23. f5 exf5 24. exf5 d5 25.
Bd4 Bxf5 26. Bxg7 Kxg7 27. Rb7 Rc7 28. Rxc7 Qxc7 29. Rxf5 gxf5 30. Qg5+ Kh7 31. Qxf5+ Kg7 32. Qg5+ Kh7 33. Qh5+ Kg7 34. Qg5+ Kh7 35. Bh3 f5 36.
Bxf5+ Rxf5 37. Qxf5+ Kg7 38. Qg5+ Kh7 39. Kg2 Qd6 40.
Qf5+ Kg7 41. a4 a5 42. g4 d4 43. g5 c5 44. Kh3 c4 45. Kg4 d3 46. cxd3 cxd3 47. Kf3 d2 48. Qf6+ Qxf6+ 49. gxf6+ Kxf6 50. Ke2 Ke5 51. Kxd2 Kd4 52. Kc2 Kc4 53. Kb2 Kb4 54. Ka2 Kxa4 55. Ka1 Kb3 56. Kb1 a4 57. Ka1 a3 58.
Kb1 a2+ 59. Ka1 Ka3 1/2-1/2

[Event "*** Titled Tuesday Blitz"]
[Site "Chess.com"]
[Date "2021.04.20"]
[Round "6"]
[White "Legendinunknown"]
[Black "Volodar_Murzin"]
[Result "0-1"]
[WhiteElo "2581"]
[BlackElo "2721"]
[TimeControl "180+1"]
[EndTime "11:06:16 PDT"]
[Termination "Volodar_Murzin won by resignation"]

1. d4 d5 2. c4 c6 3. Nf3 Nf6 4. Nc3 e6 5. Bg5 h6 6. Bh4 Nbd7 7. e3 Be7 8. Qc2 a6 9. Rd1 b6 10. Bd3 Bb7 11. O-O O-O 12. e4 Nxe4 13. Bxe7 Qxe7 14. Nxe4 dxe4 15. Bxe4 Nf6 16. Ne5 Qc7 17. Bf3 Rfd8 18. c5 Nd5 19. Be4 Rab8 20. a3 a5 21. Qe2 bxc5 22. dxc5 Ra8 23. f4 Ba6 24. Bd3 Bxd3 25.
Nxd3 a4 26. f5 Re8 27. Rde1 e5 28. f6 e4 29. Nb4 Nxf6 30. Rxf6 gxf6 31. Qg4+ Kf8 32.
Rxe4 Rxe4 33. Qxe4 Qe5 34. Qxe5 fxe5 35. Nxc6 f6 36. Nb4 Rc8 37. c6 Ke7 38. Kf2 Kd6 39. Ke3 Rg8 40. g3 f5 41. Nd3 h5 42. Nb4 Rg4 43. Kf3 h4 44. Kf2 hxg3+ 45. hxg3 Rxb4 46. axb4 Kxc6 47. Kf3 Kb5 48. g4 fxg4+ 49. Kxg4 Kxb4 50.
Kf5 Kb3 0-1

[Event "*** Titled Tuesday Blitz"]
[Site "Chess.com"]
[Date "2021.04.20"]
[Round "6"]
[White "GMSrinath"]
[Black "MMSANCHEZ"]
[Result "1-0"]
[WhiteElo "2844"]
[BlackElo "2557"]
[TimeControl "180+1"]
[EndTime "11:06:17 PDT"]
[Termination "GMSrinath won by resignation"]

1. e4 e6 2. d4 d5 3. Nd2 c5 4. Ngf3 cxd4 5. Nxd4 Nc6 6. Nxc6 bxc6 7. Bd3 Nf6 8. O-O Bd6 9. Qe2 Bc7 10. Nf3 h6 11.
c4 O-O 12. b3 e5 13. Ba3 Re8 14. cxd5 cxd5 15. Rfd1 Bb7 16. Bb5 Nxe4 17. Bxe8 Qxe8 18. Rac1 Bb6 19. Rf1 f6 20. Nd2 Ng5 21. Bc5 Bxc5 22.
Rxc5 Ne6 23. Rcc1 Nf4 24. Qg4 d4 25. Rc7 g6 26. Rxb7 Qc6 27. Re7 f5 28. Qf3 Qxf3 29.
Nxf3 Ne2+ 30. Kh1 e4 31. Nxd4 Nxd4 32. Rd1 Rc8 33. h3 Nc6 34. Rb7 Ne5 35. Rxa7 Nd3 36. Kg1 Rc2 37. a4 Kf8 38. a5 Ke8 39. f3 Ra2 40. a6 Nc5 41. b4 Rxa6 42. Rxa6 Nxa6 43. b5 Nc5 44. fxe4 fxe4 45. b6 Nd7 46. b7 Nb8 47. Kf2 e3+ 48. Kxe3 Ke7 49. Ke4 Ke8 50. Ke5 Ke7 51.
Rc1 Nd7+ 52. Kd4 Kd6 53. Rc8 1-0

[Event "*** Titled Tuesday Blitz"]
[Site "Chess.com"]
[Date "2021.04.20"]
[Round "6"]
[White "BanjoKazooieN64"]
[Black "Ermito2020"]
[Result "0-1"]
[WhiteElo "2442"]
[BlackElo "2604"]
[TimeControl "180+1"]
[EndTime "11:06:19 PDT"]
[Termination "Ermito2020 won by resignation"]

1. e4 c5 2. Nc3 d6 3. f4 g6 4. Nf3 Bg7 5. Bc4 Nc6 6. O-O Nf6 7.
d3 O-O 8. Qe1 Nd4 9. Qf2 Ng4 10.
Qh4 Nxc2 11. f5 Nxa1 12. Qxg4 Nc2 13. Qh4 e5 14. Bg5 Qe8 15. f6 Bh8 16. Bh6 Be6 17.
Ng5 Bxc4 18. Bxf8 h5 19. dxc4 Qxf8 20. g4 Ne3 21. gxh5 Qh6 22. Rf3 Nxc4 23. Nd5 Qxh5 24. Ne7+ Kf8 25. Qxh5 gxh5 26. Nd5 Nb6 27. Ne3 Ke8 28.
b3 Rc8 29. Nf5 Kd7 30. Nxf7 Bxf6 31. N5xd6 Rg8+ 32. Kf1 Rg6 33. Nxb7 Ke6 34. Nfd8+ Kd7 35. Nf7 Kc6 36. Na5+ Kb5 37. Nc4 Nxc4 38. bxc4+ Kxc4 39. Rf5 Kd4 40. Nd6 c4 41. Rf2 c3 42. Rc2 Kd3 43. Rc1 c2 44. Nb5 Bg5 45. Re1 0-1

[Event "*** Titled Tuesday Blitz"]
[Site "Chess.com"]
[Date "2021.04.20"]
[Round "6"]
[White "campomania3"]
[Black "chessprincesa1"]
[Result "1/2-1/2"]
[WhiteElo "2202"]
[BlackElo "2326"]
[TimeControl "180+1"]
[EndTime "11:06:19 PDT"]
[Termination "Game drawn by repetition"]

1. d4 Nf6 2. c4 e6 3. Nc3 d5 4. cxd5 exd5 5. Bg5 Bb4 6. Nf3 O-O 7. e3 c6 8. Bd3 h6 9. Bh4 Bg4 10. O-O Nbd7 11. Qb3 Bd6 12. Nd2 Qc7 13. Bg3 Rfe8 14. Rac1 a6 15. e4 Bxg3 16. hxg3 dxe4 17. Ndxe4 Nxe4 18.
Nxe4 Be6 19. d5 Bf5 20. Rfe1 Qa5 21. dxc6 bxc6 22. Re3 Rab8 23. Qc3 Qxc3 24. Rxc3 Rxb2 25. Rxc6 Bxe4 26. Bxe4 Nf6 27. Rxf6 gxf6 28. Bh7+ Kf8 29. Ra3 Re1+ 30. Kh2 Rxf2 31. Rxa6 Kg7 32. Bd3 Rd1 33.
Bc4 Rdd2 34. Ra7 Rxg2+ 35. Kh3 Rh2+ 36. Kg4 h5+ 37. Kf3 Rhf2+ 38. Ke3 Rg2 39. Bxf7 Rb2 40.
Bxh5+ Kh6 41. Bf3 Rxg3 42. Kf4 Rh3 43. Be4 Rh4+ 44. Kf3 Rhh2 45. Rh7+ Kg5 46. Rg7+ Kh6 47. Rh7+ Kg5 48. Rg7+ Kh4 49. Rh7+ Kg5 1/2-1/2

[Event "*** Titled Tuesday Blitz"]
[Site "Chess.com"]
[Date "2021.04.20"]
[Round "6"]
[White "Valeron87"]
[Black "FMOlexandrProhorov"]
[Result "1-0"]
[WhiteElo "2384"]
[BlackElo "2233"]
[TimeControl "180+1"]
[EndTime "11:06:20 PDT"]
[Termination "Valeron87 won by resignation"]

1. e4 c5 2. Nf3 e6 3. d4 cxd4 4. Nxd4 Qb6 5. Nb3 Nf6 6. Qe2 Bb4+ 7. c3 Be7 8. e5 Nd5 9. Qg4 g6 10. Bh6 Nc6 11. Qg3 Qc7 12. f4 f5 13. N1d2 a5 14. Nc4 a4 15. Nbd2 b5 16. Ne3 Nxe3 17. Qxe3 Bb7 18. Bxb5 a3 19. b3 Na7 20. Bf1 Rc8 21. Nc4 Bc5 22. Qd3 Kf7 23. Rd1 Rhd8 24. Bg5 Be4 25. Qh3 h5 26. Bxd8 Rxd8 27. Bd3 Qc6 28.
Bf1 Nb5 29. Qg3 Nc7 30. Nd6+ Kg7 31. Qh4 Rf8 32. Qe7+ Kg8 33. h3 Bxg2 34. Qg5 Qf3 35. Qxg6+ Kh8 36. Qxg2 Qe3+ 37. Be2 Rg8 38. Nf7+ Kh7 39.
Ng5+ Kh6 40. Qf3 Qxf3 41. Bxf3 Nb5 42. Rf1 Nxc3 43. Rxd7 Rg7 44. Rxg7 Kxg7 45. Nxe6+ Kf7 46. Nxc5 Nxa2 47. Kd2 Nb4 48. Ra1 a2 49. Nd3 Ke7 50. Nxb4 1-0

[Event "*** Titled Tuesday Blitz"]
[Site "Chess.com"]
[Date "2021.04.20"]
[Round "6"]
[White "CURRUTACO59"]
[Black "kuba2006"]
[Result "0-1"]
[WhiteElo "2182"]
[BlackElo "2331"]
[TimeControl "180+1"]
[EndTime "11:06:22 PDT"]
[Termination "kuba2006 won on time"]

1. Nf3 Nf6 2. e3 g6 3. b3 Bg7 4.
Bb2 O-O 5. d4 d6 6. c4 Nbd7 7.
Nc3 e5 8. dxe5 dxe5 9. Be2 c6 10. O-O Qe7 11. Qc2 Rd8 12. Rfd1 b6 13. a4 Bb7 14. Ba3 c5 15. Bb2 Nf8 16. Ne1 a5 17. Bf3 e4 18. Be2 N6d7 19. Nd5 Bxd5 20. Rxd5 Bxb2 21. Qxb2 Nf6 22. Rdd1 Ne8 23. g3 Nc7 24. Ng2 g5 25. Bg4 Ng6 26. Bf5 Ne8 27. Qc2 Nd6 28. Bg4 f5 29. Be2 Ne8 30. Rd5 Rxd5 31. cxd5 Nd6 32.
Rd1 Ne5 33. Ne1 Rf8 34. Ng2 Qf6 35. Kh1 Nf3 36. Bxf3 exf3 37. Ne1 g4 38. Nd3 Ne4 39. Nf4 Qh6 40. d6 Nxd6 41. Qd2 Ne4 42. Qd5+ Kh8 43. Qe5+ Kg8 44. Qd5+ Kh8 45. Qe5+ Qf6 46. Qc7 Nxf2+ 47. Kg1 Nxd1 48. Nh5 Qa1 0-1

[Event "*** Titled Tuesday Blitz"]
[Site "Chess.com"]
[Date "2021.04.20"]
[Round "6"]
[White "I_Enchev"]
[Black "Orest_Vovk"]
[Result "1-0"]
[WhiteElo "2618"]
[BlackElo "2464"]
[TimeControl "180+1"]
[EndTime "11:06:23 PDT"]
[Termination "I_Enchev won by resignation"]

1. e4 g5 2. d4 g4 3. Nc3 Bg7 4. Bc4 d6 5. h3 h5 6. hxg4 hxg4 7. Rxh8 Bxh8 8. Be3 c6 9. Qd2 Qa5 10. Bb3 Nd7 11.
O-O-O Nf8 12. Nge2 Be6 13. Kb1 Bxb3 14. axb3 Ng6 15. Rh1 O-O-O 16. f4 gxf3 17. gxf3 Nf6 18.
Ng3 Bg7 19. Nf5 Bf8 20. Qh2 e6 21. Bg5 exf5 22. Bxf6 Re8 23. Qh3 Nf4 24. Qg3 Ng6 25.
Qg5 Ne7 26. Rh8 Ng6 27. Rg8 Qa6 28. Qg1 fxe4 29. fxe4 Kc7 30. b4 Rc8 31. b5 cxb5 32. Bg7 Bxg7 33. Rxg7 Kb8 34. Rxf7 Nf8 35. Nd5 Ne6 36. Re7 Nc7 37. Nf6 Qc6 38. d5 Qc4 39. Nd7+ Ka8 40. b3 Qc3 41. Rg7 Na6 42. Rg2 Nc5 43. Nxc5 Qxc5 44. Qxc5 dxc5 45. d6 Rd8 46. e5 Kb8 47. Rg7 Re8 48. Re7 Rd8 49. d7 Kc7 50. e6 a5 51. Re8 a4 52. bxa4 bxa4 53. c4 b6 54. Kb2 Rxd7 55. exd7 Kxd7 56. Re5 1-0

[Event "*** Titled Tuesday Blitz"]
[Site "Chess.com"]
[Date "2021.04.20"]
[Round "6"]
[White "HanSchut"]
[Black "Serly25"]
[Result "1-0"]
[WhiteElo "2267"]
[BlackElo "1953"]
[TimeControl "180+1"]
[EndTime "11:06:23 PDT"]
[Termination "HanSchut won on time"]

1. e4 e6 2. d4 d5 3. Nd2 dxe4 4. Nxe4 Nd7 5. Bd3 Ngf6 6. Bg5 Be7 7. Bxf6 Nxf6 8.
Nxf6+ Bxf6 9. c3 O-O 10. Qe2 c5 11. dxc5 Qc7 12. b4 Bxc3+ 13. Kf1 Bxa1 14. Nf3 Bf6 15. h4 e5 16. h5 Bg4 17. Qe4 g6 18. Qxg4 Rad8 19. hxg6 fxg6 20. Bc4+ Kg7 21. Qh3 Rd1+ 22. Ne1 Kh8 23. Ke2 Rd4 24. Qe6 e4 25. Nc2 Rdd8 26.
Ne3 Qd7 27. Qxd7 Rxd7 28. Be6 Rd4 29. a3 Kg7 30. Bd5 Rd8 31. Bxb7 Rd2+ 32. Ke1 Bg5 33. Rh3 Bxe3 34. fxe3 Rd1+ 35. Kf2 R8d2+ 36. Kg3 Rg1 37. Bxe4 Re1 38. Kf4 Rb1 39. Bf3 Rc1 40. c6 Rc3 41. Ke4 Rxc6 42. Ke5 Ra6 43. b5 Rxa3 44. Bc6 Rb3 45. e4 Rxh3 46. gxh3 Rh2 47. Kd6 Rxh3 48.
e5 Kf8 49. e6 Re3 50. Bd7 h6 51. Kc7 1-0

[Event "*** Titled Tuesday Blitz"]
[Site "Chess.com"]
[Date "2021.04.20"]
[Round "6"]
[White "tteshan"]
[Black "MeekMammoth2"]
[Result "0-1"]
[WhiteElo "2252"]
[BlackElo "2457"]
[TimeControl "180+1"]
[EndTime "11:06:24 PDT"]
[Termination "MeekMammoth2 won by resignation"]

1. e4 e5 2. Nf3 Nc6 3. Bb5 a6 4. Ba4 Nf6 5. O-O Be7 6. Re1 b5 7. Bb3 d6 8. c3 O-O 9. h3 Nb8 10. a4 Bb7 11. d3 Nbd7 12. Nbd2 Re8 13. Nf1 Bf8 14. Ne3 g6 15. Ng5 Re7 16. Ng4 Bg7 17.
Nxf6+ Nxf6 18. Qe2 h6 19. Nf3 d5 20. exd5 Nxd5 21.
axb5 axb5 22. Rxa8 Qxa8 23. d4 exd4 24. Qxb5 Rxe1+ 25.
Nxe1 dxc3 26. bxc3 Nxc3 27. Qd7 Ne2+ 28. Kf1 Nxc1 29.
Qxf7+ Kh7 30. Bc2 Be4 31. Qxc7 Bxc2 32. Qxc2 Qa6+ 33. Kg1 Ne2+ 34. Kh2 Nd4 35. Qe4 Qd6+ 36. Kg1 Nf5 37. Nd3 Bd4 38. Nf4 Qc5 39. Nd3 Qa7 40. Qe2 h5 41. Nf4 Bf6 42. Nd3 Bh4 43. Kf1 Qa1+ 44. Ne1 Bf6 45. g4 hxg4 46. hxg4 Nh4 47.
Kg1 Qxe1+ 48. Qxe1 Nf3+ 49. Kf1 Nxe1 50. Kxe1 Bg5 51. Ke2 Bf4 52. Kf3 g5 53. Ke4 Kg6 54. Kd5 Kf6 55. Ke4 Ke6 56. Kd4 Kd6 57. Ke4 Kc5 58. Kf5 Kd4 59. Kg6 Kd3 60. Kf5 Ke2 61.
Ke4 Kxf2 62. Kf5 Kg3 0-1

[Event "*** Titled Tuesday Blitz"]
[Site "Chess.com"]
[Date "2021.04.20"]
[Round "6"]
[White "McCarthyStone"]
[Black "mac0504"]
[Result "0-1"]
[WhiteElo "2379"]
[BlackElo "2591"]
[TimeControl "180+1"]
[EndTime "11:06:26 PDT"]
[Termination "mac0504 won on time"]

1. e4 c5 2. Nf3 d6 3. Bb5+ Nd7 4. O-O Nf6 5. Re1 a6 6. Bf1 g6 7. c3 Bg7 8. d4 cxd4 9. cxd4 O-O 10. Nc3 b5 11. e5 Ne8 12. Bg5 f6 13. Qb3+ Kh8 14. exf6 Ndxf6 15. Nd5 Ra7 16. Rac1 Bg4 17. Nd2 Nxd5 18.
Qxd5 Rf5 19. Qe4 Rxg5 20. d5 Bf5 21. Qe3 Qa8 22. Qxg5 Bf6 23. Qh6 Bg7 24. Qe3 Rd7 25. Nf3 Qxd5 26. Rc8 Qg8 27. Nd4 Bxd4 28. Qxd4+ e5 29.
Qh4 Rf7 30. Qd8 Bxc8 31. Qxc8 Qf8 32. f3 Rc7 33. Qe6 Qe7 34. Qd5 Nf6 35. Qa8+ Kg7 36. Qxa6 Ra7 37. Qxb5 Rxa2 38. h3 Qa7+ 39. Kh2 Qf2 40. Qe2 Rxb2 41. Qxf2 Rxf2 42. Bc4 d5 43. Bf1 e4 44. Kg1 Rb2 45. fxe4 dxe4 46. Be2 Kf7 47.
Kf2 Ke6 48. Ke3 Ke5 49. Rf1 Nd5+ 50. Kf2 Nf4 0-1

[Event "*** Titled Tuesday Blitz"]
[Site "Chess.com"]
[Date "2021.04.20"]
[Round "6"]
[White "Das_Virus_2020"]
[Black "Cuajada_Zero"]
[Result "1-0"]
[WhiteElo "2479"]
[BlackElo "2303"]
[TimeControl "180+1"]
[EndTime "11:06:26 PDT"]
[Termination "Das_Virus_2020 won by checkmate"]

1. e4 c6 2. d4 d5 3. Nc3 dxe4 4. Nxe4 Nf6 5. Nxf6+ exf6 6. Be2 Bd6 7. Bf3 O-O 8.
Ne2 Re8 9. c4 Be6 10. c5 Bc7 11.
O-O Nd7 12. Bf4 Nf8 13. Bg3 Ng6 14. Qa4 Qd7 15. Rfd1 Ne7 16. Nc3 Bxg3 17. hxg3 Red8 18. b4 a6 19. Rd2 Bd5 20. Bxd5 Nxd5 21. Ne4 f5 22. Nd6 g6 23. Qb3 Nf6 24. Re1 Ne8 25. Nc4 Rab8 26. Nb6 Qc7 27. d5 cxd5 28. Nxd5 Qd7 29.
Ne7+ Kf8 30. Rxd7 Rxd7 31. Nd5 Rbd8 32. Ne3 Rd2 33. Rd1 Nf6 34. Rxd2 Rxd2 35. a4 Ne4 36. b5 axb5 37. axb5 Rxf2 38. c6 bxc6 39. bxc6 Re2 40. c7 Re1+ 41. Nf1 Nd6 42. Qb4 Kg7 43. Qxd6 Rc1 44.
Qd7 Kh6 45. c8=Q Kh5 46. Qxc1 Kg4 47. Qcd2 Kh5 48. Qe2+ Kg5 49. Qf2 Kh6 50. Qxf7 g5 51.
Qf6+ Kh5 52. Q2xf5 h6 53. Q5g6+ Kg4 54. Qf3# 1-0

[Event "*** Titled Tuesday Blitz"]
[Site "Chess.com"]
[Date "2021.04.20"]
[Round "6"]
[White "maximych26"]
[Black "aljado"]
[Result "1-0"]
[WhiteElo "2278"]
[BlackElo "2059"]
[TimeControl "180+1"]
[EndTime "11:06:26 PDT"]
[Termination "maximych26 won on time"]

1. e4 c5 2. Nf3 e6 3. c3 d5 4. exd5 exd5 5. d4 Nf6 6. Bd3 cxd4 7. Nxd4 Bd6 8. O-O O-O 9. h3 Nc6 10. Nf5 Bc5 11. Bg5 Ne5 12. Bc2 h6 13. Bh4 Ng6 14.
Bg3 Re8 15. Re1 Ne4 16. Bxe4 dxe4 17. Ne3 Be6 18. Nd2 Qd3 19. Nb3 Bb6 20. Qe2 f5 21. Qh5 f4 22. Qxg6 fxg3 23. Qxg3 Rf8 24. Rad1 Qb5 25. Qd6 Bxb3 26. axb3 Qxb3 27. Qd5+ Qxd5 28. Rxd5 Rad8 29. Red1 Rxd5 30. Rxd5 Rd8 31. Rxd8+ Bxd8 32. Nc4 Bc7 33. Kf1 g5 34. Nd2 e3 35. fxe3 Kf7 36.
Kf2 Ke6 37. Kf3 Kd5 38. e4+ Ke5 39. Nc4+ Ke6 40. Ke3 a6 41. b4 b5 42. Nd2 Be5 43. c4 Bf4+ 44. Kd3 Bxd2 45. Kxd2 bxc4 46.
Kc3 Ke5 47. Kxc4 Kxe4 48. g3 Kf3 49. h4 Kxg3 50. hxg5 hxg5 51. Kc5 Kf4 52. Kb6 g4 53. Kxa6 g3 54. b5 g2 55. b6 g1=Q 56. b7 Qg2 57.
b8=Q+ 1-0

[Event "*** Titled Tuesday Blitz"]
[Site "Chess.com"]
[Date "2021.04.20"]
[Round "6"]
[White "Mikasinski"]
[Black "sokidze"]
[Result "0-1"]
[WhiteElo "2522"]
[BlackElo "2754"]
[TimeControl "180+1"]
[EndTime "11:06:27 PDT"]
[Termination "sokidze won by resignation"]

1. e4 c5 2. Nf3 Nc6 3. d4 cxd4 4. Nxd4 g6 5. Nc3 Bg7 6. Be3 Nf6 7. Bc4 O-O 8. Bb3 Re8 9. O-O d6 10. h3 Na5 11. f4 b6 12. f5 Nxb3 13. axb3 Bb7 14. Qd3 Qc8 15. Kh2 a6 16. fxg6 hxg6 17. Rae1 b5 18. b4 Qc4 19. Qxc4 bxc4 20. Bg1 Nd7 21. Nf3 Ne5 22. Nd2 Bc6 23. Nd5 Bxd5 24. exd5 Rab8 25.
c3 Nd3 26. Rb1 Rec8 27. Rfd1 Nf4 28. Be3 Nxd5 29. Ba7 Rb7 30. Bf2 Nf4 31. Kg1 d5 32.
Be3 Nd3 33. Nf3 e6 34. Rd2 Kf8 35. Ra1 Ra8 36. Ra4 Ke8 37. b3 Bxc3 38. Rc2 Bxb4 39.
bxc4 dxc4 40. Rxc4 Be7 41. Rd4 Nc5 42. Rac4 Rd7 43.
Rf4 Nb7 44. Ne5 Rd1+ 45. Kf2 Nd6 46. Rc6 Nf5 47. g4 Nxe3 48. Rxf7 Rf1+ 49. Ke2 Rxf7 50.
Nxf7 Kxf7 51. Kxe3 a5 0-1